 Dungeon Crawl Stone Soup version 0.31.0-9-g3a7656b989 (webtiles) character file.

Game seed: 11668124626272098008

4099 qw the Skirmisher (level 10, -6/59 HPs)
             Began as a Deep Elf Hunter on Feb 2, 2024.
             Was a Priest of Okawaru.
             Killed from afar by an electric eel (7 damage)
             ... with a bolt of electricity
             ... on level 7 of the Dungeon.
             The game lasted 00:00:40 (6624 turns).

qw the Skirmisher (Deep Elf Hunter)                 Turns: 6624, Time: 00:00:41

Health: -6/59      AC: 16    Str: 12    XL:     10   Next: 6%
Magic:  15/15      EV: 15    Int: 15    God:    Okawaru [***...]
Gold:   178        SH:  0    Dex: 18    Spells: 9/9 levels left

rFire   . . .        a - +2 shortbow
rCold   . . .        (shield currently unavailable)
rNeg    . . .        i - +2 ring mail {rPois}
rPois   +            (no helmet)
rElec   .            o - +1 cloak
rCorr   .            j - +0 pair of gloves
SInv    .            k - +0 pair of boots
Will    +....        (no amulet)
Stlth   +            d - +4 ring of protection
HPRegen 0.29/turn    (no ring)
MPRegen 0.14/turn

%: no passive effects
@: about to teleport
A: no striking features
a: Renounce Religion, Heroism


You were on level 7 of the Dungeon.
You worshipped Okawaru.
Okawaru was most pleased with you.
You visited 2 branches of the dungeon, and saw 8 of its levels.
You also visited: Sewer.

You collected 339 gold pieces.
You spent 161 gold pieces at shops.


   Skills:
 + Level 5.0 Fighting
 - Level 14.0 Ranged Weapons
 - Level 3.0 Armour
 - Level 8.4 Dodging
 - Level 1.2 Stealth
 - Level 4.0 Invocations


You had 9 spell levels left.
You didn't know any spells.
Your spell library was empty.

Inventory:

Hand Weapons
 a - a +2 shortbow (weapon)
Armour
 i - a +2 ring mail of poison resistance (worn)
 j - a +0 pair of gloves (worn)
 k - a +0 pair of boots (worn)
 o - a +1 cloak (worn)
Jewellery
 d - a +4 ring of protection (left hand)
Wands
 e - a wand of iceblast (1)
 g - a wand of quicksilver (5)
Potions
 c - a potion of enlightenment
 h - a potion of might
 m - a potion of magic
 p - a potion of lignification {unknown}
 s - a potion of berserk rage {unknown}

Dungeon Overview and Level Annotations

Branches:
Dungeon (7/15)             Temple (1/1) D:5           Sewer (visited)

Altars:
Ashenzari
Cheibriados
Dithmenos
Elyvilon
Fedhas
Gozag
Kikubaaqudgha
Makhleb
Nemelex Xobeh
Okawaru
Ru
Sif Muna
Trog
Uskayaw
Vehumet
Wu Jian
Xom
Yredelemnul
Zin
The Shining One

Shops:
D:4 [   D:5 (


Message History

The iceblast engulfs the two-headed ogre!
The two-headed ogre is severely wounded.
6617 ||| ZAPPING wand of iceblast (2) at -2,3 (two-headed ogre; floor).
Aiming: Iceblast
Press: ? - help, Q - select action, (/) - cycle Shift-Dir - straight line, f/p - two-headed ogre The mass of ice explodes!
The iceblast engulfs the two-headed ogre!
The two-headed ogre is almost dead.
The electric eel shoots out a bolt of lightning at you!
The bolt of electricity hits you!
6618 ||| FLEEEEING.
The electric eel shoots out a bolt of lightning at you!
The bolt of electricity hits you.
There is a stone staircase leading down here.
You shoot an arrow.
The arrow hits the two-headed ogre but does no damage.
The two-headed ogre is almost dead.
The electric eel shoots out a bolt of lightning at you!
The bolt of electricity hits you!
You shoot an arrow. The arrow hits the two-headed ogre!
You kill the two-headed ogre!
Okawaru is honoured by your kill.
Your Dodging skill increases to level 8!
You have reached level 10!
6621 ||| FLEEEEING.
The electric eel shoots out a bolt of lightning at you!
The bolt of electricity hits you.
Things that are here:
a +0 giant spiked club; a +0 giant club
6622 ||| READING scroll of teleportation.
As you read the scroll of teleportation, it crumbles to dust.
You feel strangely unstable.
6623 ||| FLEEEEING.
The electric eel shoots out a bolt of lightning at you!
The bolt of electricity hits you!
There is a stone staircase leading down here.
6624 ||| FLEEEEING.
The electric eel shoots out a bolt of lightning at you!
The bolt of electricity hits you!
You die... 7.7##.Yo# #.~~~~.#..#..##.#.#. 7Oc.u)# #.~~~~.###..###.#... 7u7 #.~~~~.##..####.#### 7.7 #.~~~~.#.....##.# 7.7 #.~S~~.#..##.##:# 7.7 #.~~~~.#..##.##.# 77.7 #......#........# ...7 ###'####.%##.####### 7777

####..@>............... ### ###
#.##..........#.####### ..77
77.77#.##...####...#.#
.).777...7#.#...........#.#
.....)........##....)...#.#
...777)..7#.####.....)..#.#######
..77 77.77#.# #....)####........
###########.####....)############
)..<.............................


You could see an electric eel.

Vanquished Creatures
  A two-headed ogre (D:7)
  2 wyverns (D:7)
  Menkaure (D:4)
  A water moccasin (D:7)
  Duvessa (D:4)
  4 ice beasts
  2 orc warriors (D:7)
  A sky beast (D:7)
  3 black bears
  A centaur (D:7)
  4 phantoms
  A bullfrog (D:7)
  2 kobold brigands
  4 scorpions (D:5)
  A wight (D:7)
  Dowan (D:4)
  2 electric eels
  A howler monkey (D:5)
  3 hounds
  4 bombardier beetles
  An orc priest (D:7)
  A gnoll bouda (D:7)
  3 jellies
  3 orc wizards
  3 iguanas
  2 sleepcaps
  8 gnolls
  10 adders
  2 river rats
  A shadow imp (D:4)
  3 white imps
  4 ribbon worms
  6 dart slugs
  29 orcs
  2 bats
  14 endoplasms
  8 giant cockroaches
  7 goblins
  5 hobgoblins
  14 jackals
  4 quokkas
  8 ball pythons
  7 frilled lizards
  7 kobolds
  14 rats
206 creatures vanquished.

Vanquished Creatures (others)
  2 gnolls (D:5)
2 creatures vanquished.

Grand Total: 208 creatures vanquished

Notes
Turn   | Place    | Note
-------+----------+-------------------------------------------
     0 | D:1      | qw the Deep Elf Hunter began the quest for the Orb.
     0 | D:1      | Reached XP level 1. HP: 12/12 MP: 3/3
     0 | D:1      | 0 ||| qw: Version: 0.3-a-155-g5e7d8dd
     0 | D:1      | 0 ||| qw: Game counter: 555
     0 | D:1      | 0 ||| qw: Melee chars always use a shield: true
     0 | D:1      | 0 ||| qw: God list: Okawaru
     0 | D:1      | 0 ||| qw: Allow faded altars: false
     0 | D:1      | 0 ||| qw: Do Orc after clearing Dungeon:15 true
     0 | D:1      | 0 ||| qw: Do second Lair branch before Depths: true
     0 | D:1      | 0 ||| qw: Lair rune preference: random
     0 | D:1      | 0 ||| qw: Goals: Normal
     0 | D:1      | 0 ||| PLANNING D:1-11
   103 | D:1      | HP: 2/12 [frozen (5)]
   312 | D:1      | Reached skill level 6 in Ranged Weapons
   312 | D:1      | Reached XP level 2. HP: 16/16 MP: 4/4
   556 | D:1      | Found a faded altar of an unknown god.
   600 | D:1      | 600 ||| UPGRADING to +2 ring mail of poison resistance.
   610 | D:1      | 610 ||| DROPPING +0 leather armour.
   611 | D:1      | 611 ||| UPGRADING to +4 ring of protection.
   612 | D:1      | 612 ||| READING scroll labelled YVOTZE WONAHI.
   612 | D:1      | 612 ||| ENCHANTING +0 shortbow.
   613 | D:1      | 613 ||| READING scroll labelled RETHRUR LERE.
   714 | D:1      | 714 ||| DROPPING scroll of butterflies.
   891 | D:2      | Reached XP level 3. HP: 20/20 MP: 5/5
   896 | D:2      | 896 ||| READING scroll of enchant weapon.
   896 | D:2      | 896 ||| ENCHANTING +1 shortbow.
   905 | D:2      | Found a sparkling altar of Nemelex Xobeh.
  1105 | D:2      | Reached skill level 7 in Ranged Weapons
  1237 | D:2      | Reached XP level 4. HP: 25/25 MP: 6/6
  1571 | D:2      | 1571 ||| UPGRADING to +0 pair of gloves.
  1576 | D:2      | 1576 ||| READING scroll labelled KOOQUO NIOXKAA.
  1577 | D:2      | 1577 ||| READING scroll labelled JOMESYRGHINN.
  1578 | D:2      | 1578 ||| READING scroll labelled PYMYLU POLI.
  1578 | D:2      | 1578 ||| IDENTIFYING dark potion
  1678 | D:3      | Identified the +0 chain mail of the Chupacabra {Str+3
                  | Int+4}
  1772 | D:3      | Reached skill level 8 in Ranged Weapons
  1891 | D:3      | 1891 ||| FLEEEEING.
  1892 | D:3      | 1892 ||| FLEEEEING.
  1893 | D:3      | 1893 ||| FLEEEEING.
  2098 | D:3      | 2098 ||| READING 2 scrolls of identify.
  2098 | D:3      | 2098 ||| IDENTIFYING green potion
  2099 | D:3      | 2099 ||| READING scroll of identify.
  2099 | D:3      | 2099 ||| IDENTIFYING grey potion
  2100 | D:3      | 2100 ||| DRINKING 2 fizzy pink potions.
  2101 | D:3      | 2101 ||| DRINKING 2 glowing coppery potions.
  2102 | D:3      | 2102 ||| DROPPING potion of invisibility.
  2103 | D:3      | 2103 ||| DROPPING potion of attraction.
  2123 | D:4      | 2123 ||| STAIRDANCE
  2130 | D:3      | Reached XP level 5. HP: 15/29 MP: 7/7
  2195 | D:4      | 2195 ||| STAIRDANCE
  2226 | D:4      | Reached skill level 9 in Ranged Weapons
  2314 | D:4      | Noticed Menkaure
  2319 | D:4      | 2319 ||| FLEEEEING.
  2321 | D:4      | 2321 ||| STAIRDANCE
  2386 | D:4      | Found a sacrificial altar of Ru.
  2392 | D:4      | Found a hide-covered altar of Uskayaw.
  2398 | D:4      | Found an ornate altar of the Wu Jian Council.
  2400 | D:4      | Found a glowing golden altar of the Shining One.
  2422 | D:4      | Noticed Dowan
  2425 | D:4      | Noticed Duvessa
  2426 | D:4      | 2426 ||| RETREEEEATING.
  2428 | D:4      | 2428 ||| RETREEEEATING.
  2432 | D:4      | 2432 ||| RETREEEEATING.
  2446 | D:4      | 2446 ||| RETREEEEATING.
  2446 | D:4      | Killed Dowan
  2447 | D:4      | Reached XP level 6. HP: 10/35 MP: 8/8
  2447 | D:4      | Killed Duvessa
  2448 | D:4      | Reached skill level 10 in Ranged Weapons
  2574 | D:4      | Found a blossoming altar of Fedhas.
  2653 | D:4      | Identified the +6 trident "Kaomuris" {pain, rPois Str+2}
  2735 | D:4      | Reached skill level 3 in Dodging
  2901 | D:4      | Found Wien's Armour Shop.
  2908 | D:4      | 2908 ||| BUYING +1 cloak (161 gold).
  2908 | D:4      | Bought a +1 cloak for 161 gold pieces
  2908 | D:4      | 2908 ||| SHOPLISTING +1 robe of resistance (457 gold, have
                  | 3).
  2908 | D:4      | 2908 ||| SHOPLISTING scarf of resistance (448 gold, have
                  | 3).
  3086 | D:4      | 3086 ||| UPGRADING to +1 cloak.
  3091 | D:4      | 3091 ||| READING scroll of identify.
  3091 | D:4      | 3091 ||| IDENTIFYING glowing inky potion
  3092 | D:4      | 3092 ||| READING scroll labelled RUARHU KYATHA.
  3095 | D:4      | 3095 ||| READING scroll labelled PESCHUEPT OL QYRUGH.
  3096 | D:4      | 3096 ||| READING 2 scrolls labelled YFIFETHYCW.
  3097 | D:4      | 3097 ||| DROPPING potion of brilliance.
  3098 | D:4      | 3098 ||| DROPPING scroll of poison.
  3108 | D:4      | Killed Menkaure
  3109 | D:4      | Reached XP level 7. HP: 40/40 MP: 9/9
  3126 | D:5      | Entered Level 5 of the Dungeon
  3127 | D:5      | 3127 ||| PLANNING SEWER
  3151 | D:5      | Found Buwie's Weapon Boutique.
  3210 | D:5      | 3210 ||| RETREEEEATING.
  3211 | D:5      | 3211 ||| RETREEEEATING.
  3212 | D:5      | HP: 10/40 [black bear (1)]
  3213 | D:5      | 3213 ||| DRINKING potion of heal wounds.
  3280 | D:5      | Found a glowing drain.
  3290 | D:5      | Reached skill level 11 in Ranged Weapons
  3312 | Sewer    | Entered a sewer
  3430 | Sewer    | Found a viscous altar of Jiyva.
  3445 | Sewer    | Identified the +2 leather armour "Picablou" {+Blink Will-
                  | Int+3}
  3499 | Sewer    | 3499 ||| DROPPING +2 leather armour "Picablou" {+Blink
                  | Will- Int+3}.
  3519 | D:5      | 3519 ||| PLANNING D:1-11
  3727 | D:5      | Reached skill level 12 in Ranged Weapons
  3727 | D:5      | Reached XP level 8. HP: 40/44 MP: 10/10
  3808 | D:5      | Found a staircase to the Ecumenical Temple.
  3809 | D:5      | 3809 ||| PLANNING TEMPLE
  3813 | D:5      | 3813 ||| READING scroll of identify.
  3813 | D:5      | 3813 ||| IDENTIFYING cyan potion
  3814 | D:5      | 3814 ||| DROPPING potion of degeneration.
  3823 | Temple   | Entered the Ecumenical Temple
  3824 | Temple   | 3824 ||| PLANNING D:1-11
  3877 | D:5      | 3877 ||| FLEEEEING.
  3879 | D:5      | 3879 ||| FLEEEEING.
  3880 | D:5      | 3880 ||| FLEEEEING.
  3881 | D:5      | 3881 ||| FLEEEEING.
  3882 | D:5      | 3882 ||| FLEEEEING.
  3883 | D:5      | 3883 ||| FLEEEEING.
  3884 | D:5      | 3884 ||| FLEEEEING.
  3885 | D:5      | 3885 ||| FLEEEEING.
  3886 | D:5      | 3886 ||| FLEEEEING.
  3887 | D:5      | 3887 ||| FLEEEEING.
  3888 | D:5      | 3888 ||| FLEEEEING.
  3889 | D:5      | 3889 ||| FLEEEEING.
  3890 | D:5      | 3890 ||| FLEEEEING.
  3891 | D:5      | 3891 ||| STAIRDANCE
  3909 | D:5      | 3909 ||| STAIRDANCE
  3932 | D:5      | Reached skill level 3 in Fighting
  3993 | D:5      | Found an iron altar of Okawaru.
  3994 | D:5      | 3994 ||| PLANNING OKAWARU WORSHIP
  4008 | D:5      | Became a worshipper of Warmaster Okawaru
  4009 | D:5      | 4009 ||| PLANNING D:1-11
  4313 | D:5      | 4313 ||| UPGRADING to +0 pair of boots.
  4352 | D:5      | HP: 11/46 [something (19)]
  4353 | D:5      | 4353 ||| DRINKING 2 potions of heal wounds.
  4419 | D:5      | 4419 ||| READING scroll of identify.
  4419 | D:5      | 4419 ||| IDENTIFYING coppery potion
  4563 | D:6      | Reached skill level 13 in Ranged Weapons
  4989 | D:6      | 4989 ||| FLEEEEING.
  5004 | D:6      | 5004 ||| FLEEEEING.
  5005 | D:6      | 5005 ||| FLEEEEING.
  5006 | D:6      | 5006 ||| FLEEEEING.
  5007 | D:6      | 5007 ||| FLEEEEING.
  5145 | D:6      | Reached skill level 14 in Ranged Weapons
  5175 | D:6      | Reached * piety under Okawaru
  5176 | D:6      | Reached XP level 9. HP: 41/50 MP: 11/11
  5353 | D:6      | 5353 ||| DROPPING ring of flight.
  5354 | D:6      | 5354 ||| READING scroll of identify.
  5354 | D:6      | 5354 ||| IDENTIFYING ruby potion
  5355 | D:6      | 5355 ||| READING scroll labelled LITTYQ WUYSUCO.
  5356 | D:6      | 5356 ||| READING scroll labelled OQEARU AJOTSEB.
  5457 | D:6      | 5457 ||| READING scroll labelled ESTRAO JUUSO.
  5458 | D:6      | 5458 ||| DROPPING wand of flame (15).
  5575 | D:7      | Reached skill level 1 in Invocations
  5607 | D:7      | Found a broken altar of Ashenzari.
  5780 | D:7      | 5780 ||| RETREEEEATING.
  5783 | D:7      | 5783 ||| RETREEEEATING.
  5789 | D:7      | Reached ** piety under Okawaru
  5790 | D:7      | Reached skill level 3 in Invocations
  5998 | D:7      | Reached skill level 6 in Dodging
  6170 | D:7      | 6170 ||| INVOKING Heroism.
  6171 | D:7      | 6171 ||| ZAPPING wand of iceblast (9) at 5,1 (kobold
                  | brigand; floor).
  6172 | D:7      | 6172 ||| ZAPPING wand of iceblast (8) at 4,1 (kobold
                  | brigand; floor).
  6173 | D:7      | 6173 ||| ZAPPING wand of iceblast (7) at 2,0 (kobold
                  | brigand; floor).
  6180 | D:7      | 6180 ||| ZAPPING wand of iceblast (6) at -1,3 (orc warrior;
                  | floor).
  6181 | D:7      | 6181 ||| ZAPPING wand of iceblast (5) at 0,2 (orc warrior;
                  | floor).
  6449 | D:7      | Noticed a two-headed ogre
  6449 | D:7      | Noticed a green ugly thing
  6450 | D:7      | 6450 ||| RETREEEEATING.
  6455 | D:7      | 6455 ||| RETREEEEATING.
  6473 | D:7      | HP: 7/54 [green ugly thing (8)]
  6474 | D:7      | 6474 ||| READING 2 scrolls of teleportation.
  6475 | D:7      | 6475 ||| DRINKING potion of heal wounds.
  6478 | D:7      | 6478 ||| DRINKING potion of curing.
  6478 | D:7      | 6478 ||| (to cure poison)
  6611 | D:7      | Reached skill level 3 in Armour
  6615 | D:7      | 6615 ||| ZAPPING wand of iceblast (4) at -4,5 (two-headed
                  | ogre; floor).
  6616 | D:7      | 6616 ||| ZAPPING wand of iceblast (3) at -3,4 (two-headed
                  | ogre; floor).
  6617 | D:7      | 6617 ||| ZAPPING wand of iceblast (2) at -2,3 (two-headed
                  | ogre; floor).
  6618 | D:7      | 6618 ||| FLEEEEING.
  6620 | D:7      | Killed a two-headed ogre
  6620 | D:7      | Reached *** piety under Okawaru
  6621 | D:7      | Reached XP level 10. HP: 16/59 MP: 15/15
  6621 | D:7      | 6621 ||| FLEEEEING.
  6621 | D:7      | HP: 12/59 [electric eel/bolt of electricity (4)]
  6622 | D:7      | 6622 ||| READING scroll of teleportation.
  6623 | D:7      | 6623 ||| FLEEEEING.
  6623 | D:7      | HP: 1/59 [electric eel/bolt of electricity (12)]
  6624 | D:7      | 6624 ||| FLEEEEING.
  6624 | D:7      | Killed from afar by an electric eel

Levels and vault maps discovered:
D:1:      dpeg_arrival_rooms_with_view, layout_loops_ring,
          ebering_ecumenical_altar_rust
D:2:      layout_loops_corners, basic_altar, serial_bayou_lake_a
D:3:      layout_basic
D:4:      layout_loops_ring, fedhas_ov_isle_minmay,
          nicolae_overflow_macrodata_refinement, serial_shops, shop,
          uniq_duvessa, uniq_menkaure
D:5:      layout_cave_pods, okawaru_gym_becter, minmay_temple_entry_junction,
          serial_shops, nicolae_shop_trees, portal_sewer_entry_e,
          minmay_liquid_box, lemuel_flamethrower_2
D:6:      layout_loops_corners, serial_bayou_pond_b
D:7:      nzn_winding_woodlands_large [nzn_winding_woodlands_5x5_three,
          nzn_winding_woodlands_5x15_zeroes,
          nzn_winding_woodlands_5x5_perimeter,
          nzn_winding_woodlands_center_pierced_h,
          nzn_winding_woodlands_15x15_boxy_spiral,
          nzn_winding_woodlands_center_diamonds,
          nzn_winding_woodlands_5x5_open_star,
          nzn_winding_woodlands_5x15_parted,
          nzn_winding_woodlands_5x5_checkerboard], layout_basic,
          ashenzari_altar_1, mainiacjoe_overflow_surrounded_room,
          grunt_decor_clamped, nrook_pool_corridor
Temple:   compressed_dpeg_triangle_lava_temple

Skill      XL: |  1  2  3  4  5  6  7  8  9 |
---------------+----------------------------+-----
Ranged Weapons | 6 7 8 9 10 12 14 | 14.0
Fighting       | 2 3 5 |  5.0
Dodging        | 3 5 8 |  8.4
Armour         | 2 3 |  3.0
Invocations    | 4 |  4.0
Stealth        | |  1.2

Action                     |  1- 3 |  4- 6 |  7- 9 | 10-12 || total
---------------------------+-------+-------+-------+-------++-------
   Fire: Shortbow          |    87 |   208 |   527 |       ||   822
 Invoke: Heroism           |       |       |     1 |       ||     1
  Evoke: Wand              |       |       |     8 |       ||     8
    Use: Scroll            |     3 |     9 |     7 |     1 ||    20
         Potion            |       |     2 |     4 |       ||     6
 Armour: Leather armour    |     7 |       |       |       ||     7
         Ring mail         |     5 |    83 |   178 |     3 ||   269
  Dodge: Dodged            |    10 |    97 |   166 |       ||   273

Table legend:
 A = Non-vault XP
 B = Vault XP
 C = Vault XP percentage of total XP
 D = Non-vault monster count
 E = Vault monster count
 F = Vault count percentage of total count
                 A         B        C        D         E       F
            +---------+---------+-------+---------+---------+-------
      Total |    2793 |    3064 |  52.3 |     149 |      57 |  27.7
            +---------+---------+-------+---------+---------+-------
        D:1 |      28 |       3 |   9.7 |      15 |       2 |  11.8
        D:2 |      85 |       0 |   0.0 |      21 |       0 |   0.0
        D:3 |     129 |       0 |   0.0 |      35 |       0 |   0.0
        D:4 |     218 |     371 |  63.0 |      20 |       3 |  13.0
        D:5 |    1055 |      26 |   2.4 |      29 |       8 |  21.6
        D:6 |     563 |     183 |  24.5 |       9 |       3 |  25.0
        D:7 |     715 |    2314 |  76.4 |      20 |      19 |  48.7
      Sewer |       0 |     167 | 100.0 |       0 |      22 | 100.0
            +---------+---------+-------+---------+---------+-------
